 Dungeon Crawl Stone Soup version 0.32-a0-898-g7811c86cf0 (webtiles) character file.

Game seed: 17257470794483188903

95 DEFE the Chopper (level 4, -1/35 HPs)
             Began as a Coglin Fighter on Apr 4, 2024.
             Slain by a kobold brigand
             ... wielding a +0 club
              (7 damage)
             ... on level 3 of the Dungeon.
             The game lasted 00:01:19 (1661 turns).

DEFE the Chopper (Coglin Fighter)                   Turns: 1661, Time: 00:01:20

Health: -1/35      AC:  7    Str: 18    XL:     4   Next: 65%
Magic:  4/4        EV:  8    Int:  7    God:
Gold:   128        SH:  4    Dex: 14    Spells: 3/3 levels left

rFire   . . .        a - +0 war axe {Esteban}
rCold   . . .        c - +0 buckler
rNeg    . . .        b - +0 scale mail
rPois   .            o - +0 helmet
rElec   .            (no cloak)
rCorr   .            (no gloves)
SInv    .            (no boots)
Will    .....        (amulet unavailable) Stlth
                     (ring unavailable)
HPRegen 0.25/turn    (ring unavailable)
MPRegen 0.09/turn    (no gizmo)

%: no passive effects
@: revved
A: off-hand wielding, slow wielding, warmup strikes, no jewellery
a: Invent Gizmo


You were on level 3 of the Dungeon.
You visited 1 branch of the dungeon, and saw 3 of its levels.

You collected 128 gold pieces.

Inventory:

Hand Weapons
 a - a +0 war axe (weapon) {Esteban}
Armour
 b - a +0 scale mail (worn)
 c - a +0 buckler (worn)
 o - a +0 helmet (worn)
Scrolls
 g - a scroll of noise {unknown}
 j - a scroll of identify {unknown}
 l - a scroll of amnesia {unknown}
 n - a scroll of torment {unknown}
Potions
 d - 2 potions of might
 e - a potion of curing {unknown}
 f - a potion of degeneration {unknown}
 h - 2 potions of heal wounds
 i - a potion of invisibility {unknown}
 k - a potion of attraction {unknown}
 m - a potion of mutation {unknown}


   Skills:
 - Level 3.0 Fighting
 + Level 4.7 Axes
 - Level 2.6 Armour
 - Level 2.1 Shields


You had 3 spell levels left.
You didn't know any spells.
Your spell library contained the following spells:

 Spells                   Type           Power      Damage    Failure   Level
 Ensorcelled Hibernation  Hex/Ice        0%         N/A       96%         2
 Sublimation of Blood     Necr           0%         N/A       96%         2
 Fugue of the Fallen      Necr           0%         N/A       99%         3
 Anguish                  Hex/Necr       0%         N/A       100%        4
 Petrify                  Alch/Erth      0%         N/A       100%        4
 Irradiate                Conj/Alch      0%         3d11      100%        5


Dungeon Overview and Level Annotations

Branches:
Dungeon (3/15)

Altars:


Innate Abilities, Weirdness & Mutations

You can wield a second weapon in your off-hand.
It takes a long time for you to wield or remove held weapons.
Your first few attacks do less damage.
You cannot equip rings or amulets.


Message History

Unknown command.
You are too injured to fight recklessly!
You closely miss the kobold brigand.
The kobold brigand is moderately wounded.
You hit the hobgoblin.
You feel sick.
The hobgoblin hits you but does no damage.
The kobold brigand barely misses you.
Unknown command.
Unknown command.
Okay, then.
Unknown command.
You hit the kobold brigand.
The kobold brigand is heavily wounded.
You hit the hobgoblin.
You kill the hobgoblin!
You feel sick.
The kobold brigand hits you with a +0 club!
* * * LOW HITPOINT WARNING * * *
Unknown command.
It was a potion of heal wounds.
You feel much better.
You feel sick. The kobold brigand closely misses you.
You hit the kobold brigand.
The kobold brigand is heavily wounded.
You feel sick.
The kobold brigand hits you but does no damage.
The kobold brigand hits you with a +0 club!
You hit the kobold brigand but do no damage.
The kobold brigand is heavily wounded.
You feel sick.
You are no longer poisoned.
The kobold brigand hits you with a +0 club.
* * * LOW HITPOINT WARNING * * *
You barely miss the kobold brigand.
The kobold brigand is heavily wounded.
You block the kobold brigand's attack.
You slash the kobold brigand!
The kobold brigand is almost dead.
The kobold brigand closely misses you.
The kobold brigand hits you with a +0 club!
You die...

#<..#.### ##.##.#
#.##.##### #>##......
#.##.. .?# #.######.#
#.######.### #######
##.....##...###))...###
..........#..)).@K....#
#.......).#.)))#####....
#...##.##...#### ≈≈# .
######.##....~~~~≈~~~
#.#......~~~~~~~~
#.#.#######~~~#.## #...
###.# ###. # #.


You could see a kobold brigand.

Vanquished Creatures
  A gnoll (D:1)
  2 adders (D:2)
  2 ribbon worms
  7 bats
  4 endoplasms
  A giant cockroach (D:1)
  8 goblins
  5 hobgoblins
  3 quokkas
  6 ball pythons
  5 frilled lizards
  10 kobolds
  8 rats
62 creatures vanquished.

Notes
Turn   | Place    | Note
-------+----------+-------------------------------------------
     0 | D:1      | DEFE the Coglin Fighter began the quest for the Orb.
     0 | D:1      | Reached XP level 1. HP: 18/18 MP: 1/1
    71 | D:1      | Reached XP level 2. HP: 24/24 MP: 2/2
   140 | D:1      | Reached skill level 3 in Axes
   180 | D:1      | Reached XP level 3. HP: 22/29 MP: 3/3
   911 | D:2      | Reached skill level 4 in Axes
   996 | D:2      | Reached XP level 4. HP: 30/35 MP: 4/4
  1647 | D:3      | Noticed a kobold brigand
  1661 | D:3      | Slain by a kobold brigand

Illustrated notes

Levels and vault maps discovered:
D:1:      moated_graveyard_arrival, layout_basic
D:2:      layout_loops_corners, minmay_misc_feat_tower, kennysheep_path_1
D:3:      cheibrodos_thug_alley, layout_loops_ring, amcnicky_altar_gilded,
          grunt_temple_overflow_cloverleaf, minmay_statues_item, minivault_5,
          st_stairs_5, uniq_robin

Skill      XL: |  1  2  3 |
---------------+----------+-----
Axes           | 3 4 |  4.7
Fighting       | |  3.0
Armour         | |  2.6
Shields        | |  2.1

Action                     |  1- 3 |  4- 6 || total
---------------------------+-------+-------++-------
  Melee: War axe           |   100 |    61 ||   161
    Use: Potion            |       |     1 ||     1
 Armour: Scale mail        |   103 |    55 ||   158
  Dodge: Dodged            |    29 |    32 ||    61
  Block: Buckler           |    23 |    14 ||    37

Table legend: (Time is in decaauts)
 A = Elapsed time spent in this place.
 B = Non-inter-level travel time spent in this place.
 C = Inter-level travel time spent in this place.
 D = Time resting spent in this place.
 E = Time spent auto-exploring this place.
 F = Levels seen in this place.
 G = Mean time per level.
                   A        B        C        D        E       F      G
               +--------+--------+--------+--------+--------+-----+--------+
         Total |   1714 |   1657 |     57 |      0 |   1245 |   3 |  571.3 |
       Dungeon |   1714 |   1657 |     57 |      0 |   1245 |   3 |  571.3 |
               +--------+--------+--------+--------+--------+-----+--------+

Top non-repeatable levels by time:
     D:2: 956 daAuts
     D:1: 557 daAuts
     D:3: 201 daAuts
